 Dungeon Crawl Stone Soup version 0.30-a0-718-geaa24f58ff (webtiles) character file.

Game seed: 14470316919659621003

134 Newt the Shooter (level 5, 0/35 HPs)
             Began as a Kobold Hunter on Jan 25, 2023.
             Killed by nerve-wracking pain
             ... invoked by Grinder
              (3 damage)
             ... while paralysed by Grinder
             ... on level 3 of the Dungeon.
             The game lasted 00:01:54 (2128 turns).

Newt the Shooter (Kobold Hunter)                    Turns: 2128, Time: 00:01:55

Health: 0/35       AC:  3    Str:  9    XL:     5   Next: 40%
Magic:  5/5        EV:  3    Int: 10    God:
Gold:   645        SH:  0    Dex: 20    Spells: 4/4 levels left

rFire   . . .      SeeInvis .    a - +0 shortbow
rCold   . . .      Faith    .    (shield currently unavailable)
rNeg    . . .      Spirit   .    c - +0 leather armour
rPois   .          Reflect  .    (no helmet)
rElec   .          Harm     .    (no cloak)
rCorr   .          Rampage  .    (no gloves)
Will    .....                    (no boots)
Stlth   +++                      l - amulet of regeneration
HPRegen 1.05/turn                i - +5 ring of evasion
MPRegen 0.09/turn                (no ring)

@: paralysed, hasted
A: small, no large weapons, nightstalker 3
a: no special abilities


You were on level 3 of the Dungeon.
You visited 1 branch of the dungeon, and saw 3 of its levels.

You collected 645 gold pieces.

Inventory:

Hand Weapons
 a - a +0 shortbow (weapon)
Armour
 c - a +0 leather armour (worn)
Jewellery
 i - a +5 ring of evasion (left hand)
 l - an amulet of regeneration (around neck)
Scrolls
 b - a scroll of immolation
 e - 2 scrolls of vulnerability
 h - a scroll of summoning
 j - 3 scrolls of magic mapping
 m - a scroll of teleportation {unknown}
 n - a scroll of poison {unknown}
Potions
 d - a potion of lignification
 f - a potion of flight


   Skills:
 - Level 5.0 Fighting
 + Level 6.3 Ranged Weapons
 - Level 2.4 Dodging
 - Level 1.3 Stealth


You had 4 spell levels left.
You didn't know any spells.
Your spell library contained the following spells:

 Spells                   Type           Power      Damage    Failure   Level
 Ignite Poison            Fire/Tmut/Pois 0%         N/A       85%         3
 Kindle Blastsparks       Fire/Tloc/Air  0%         2d10      85%         3
 Freezing Cloud           Conj/Ice/Air   0%         6-21      100%        5


Dungeon Overview and Level Annotations

Branches:
Dungeon (3/15)

Altars:

Annotations:
D:3 Grinder


Innate Abilities, Weirdness & Mutations

You are small and have problems with some larger weapons.
You are completely attuned to the shadows.


Message History

No target in view!
m - a scroll labelled MUIJAMY QELU
Items here: )) [ †.
You pick up a Trismegistus Codex and begin reading...
You add the spells Kindle Blastsparks, Ignite Poison and Freezing Cloud to your library.
n - a scroll labelled ZAMMIE MAON Grinder comes into view.
Grinder shouts!
You shoot an arrow. The arrow hits Grinder.
Grinder is lightly wounded.
You shoot an arrow. The arrow barely misses Grinder.
Grinder drinks a potion.
Grinder seems to speed up.
You shoot an arrow. The arrow barely misses Grinder.
Grinder gestures at you.
You barely resist. Grinder gestures at you.
You suddenly lose the ability to move!
Grinder hits you but does no damage. Grinder hits you!
You writhe in agony.
Grinder hits you.
You writhe in agony.
Grinder hits you.
You writhe in agony.
Grinder hits you!
* * * LOW HITPOINT WARNING * * *
You writhe in agony.
* * * LOW HITPOINT WARNING * * *
You can move again.
Unknown command.
Unknown command.
It was a potion of heal wounds.
You feel much better. Grinder hits you but does no damage.
You feel yourself speed up. Grinder hits you but does no damage.
Grinder gestures at you.
You suddenly lose the ability to move!
Grinder barely misses you. Grinder hits you.
You writhe in agony.
Grinder hits you.
You writhe in agony.
Grinder hits you! Grinder gestures at you. Pain shoots through your body!
* * * LOW HITPOINT WARNING * * *
Grinder gestures at you. Pain shoots through your body!
You die...

#.. #.# #.# #5#
#@# #.# #.# #.#
#.# #########
#.# #........
#.#####.#......
#.......#.#####
#########.#


You could see Grinder (fast).

Vanquished Creatures
  Natasha (D:2)
  An orc wizard (D:3)
  3 gnolls
  An adder (D:2)
  A dart slug (D:1)
  7 orcs (D:3)
  A ball python (D:2)
  An endoplasm (D:1)
  2 giant cockroaches (D:2)
  8 goblins
  3 jackals (D:2)
  A quokka (D:1)
  3 bats
  A frilled lizard (D:1)
  2 kobolds
  5 rats
41 creatures vanquished.

Notes
Turn   | Place    | Note
-------+----------+-------------------------------------------
     0 | D:1      | Newt the Kobold Hunter began the quest for the Orb.
     0 | D:1      | Reached XP level 1. HP: 12/12 MP: 1/1
   283 | D:1      | Reached XP level 2. HP: 18/18 MP: 2/2
   708 | D:2      | Identified a scroll of acquirement
   708 | D:2      | Acquired 573 gold pieces
   724 | D:2      | Found a faded altar of an unknown god.
   741 | D:2      | Reached XP level 3. HP: 24/24 MP: 3/3
  1791 | D:3      | Noticed Natasha
  1802 | D:2      | Reached XP level 4. HP: 28/30 MP: 4/4
  1928 | D:2      | Killed Natasha
  1929 | D:2      | Reached skill level 5 in Fighting
  2039 | D:3      | Reached XP level 5. HP: 35/35 MP: 5/5
  2071 | D:3      | Reached skill level 6 in Ranged Weapons
  2115 | D:3      | Noticed Grinder
  2118 | D:3      | Paralysed by Grinder for 5 turns
  2124 | D:3      | Paralysed by Grinder for 5 turns
  2128 | D:3      | Killed from afar by Grinder

Illustrated notes

Levels and vault maps discovered:
D:1:      dpeg_arrival_oval, layout_basic
D:2:      layout_basic, ebering_ecumenical_altar_sacrificial, st_stairs_2
D:3:      layout_basic, nicolae_overflow_crystal_walls, serial_shops,
          nicolae_shop_behind_doors, uniq_terence, uniq_ijyb, uniq_natasha,
          uniq_grinder, uniq_jessica

Skill      XL: |  1  2  3  4  5 |
---------------+----------------+-----
Fighting       | 3 4 5 |  5.0
Ranged Weapons | 6 |  6.3
Dodging        | |  2.4
Stealth        | |  1.3

Action                     |  1- 3 |  4- 6 || total
---------------------------+-------+-------++-------
   Fire: Shortbow          |    69 |    29 ||    98
    Use: Scroll            |     6 |       ||     6
         Potion            |       |     2 ||     2
 Armour: Leather armour    |     6 |     3 ||     9
  Dodge: Dodged            |    27 |    19 ||    46

Table legend: (Time is in decaauts)
 A = Elapsed time spent in this place.
 B = Non-inter-level travel time spent in this place.
 C = Inter-level travel time spent in this place.
 D = Time resting spent in this place.
 E = Time spent auto-exploring this place.
 F = Levels seen in this place.
 G = Mean time per level.
                   A        B        C        D        E       F      G
               +--------+--------+--------+--------+--------+-----+--------+
         Total |   2164 |   2123 |     41 |    214 |   1657 |   3 |  721.3 |
       Dungeon |   2164 |   2123 |     41 |    214 |   1657 |   3 |  721.3 |
               +--------+--------+--------+--------+--------+-----+--------+

Top non-repeatable levels by time:
     D:2: 1274 daAuts
     D:1: 712 daAuts
     D:3: 177 daAuts
